Map: New Gettysburg LE

Players

GRMorgan - Winner!

  • Race: Terran Terran

A.I. 1 (Very Easy)

  • Race: Terran Terran

VOD

Have the link to the VOD?

Description

Time

  • Played on: Aug. 1, 2016, 11:33 a.m.
  • Length: 9:25
Show
View Real Time Build Order
Export as new Build Order

GRMorgan Terran - Winner!

Build Orders: Reaper Expand 

Get SALT Encoding   

  12  0:01  SCV  
  13  0:13  SCV  
  14  0:22  Supply Depot  
  14  0:26  SCV  
  15  0:43  SCV  
  15  0:47  Barracks  
  16  0:56  Refinery, SCV  
  17  1:08  SCV  
  18  1:35  Orbital Command  
  18  1:46  Supply Depot  
  18  2:13  SCV, Command Center  
  19  2:22  Reaper  
  20  2:28  SCV  
  21  2:43  SCV  
  22  2:59  SCV  
  22  3:00  Refinery  
  22  3:04  Barracks Reactor  
  23  3:13  SCV  
  24  3:25  SCV  
  25  3:28  SCV  
  26  3:39  SCV  
  27  3:47  SCV  
  28  4:00  Reaper x2  
  30  4:12  Barracks  
  30  4:17  SCV  
  30  4:18  SCV  
  32  4:30  SCV x2  
  34  4:31  Marine  
  34  4:32  Marine  
  36  4:42  SCV x2  
  38  4:46  Refinery  
  38  4:52  Marine x2  
  39  4:54  SCV x2  
  42  5:02  Supply Depot  
  42  5:06  SCV x2  
  44  5:10  Marine x2  
  46  5:17  Engineering Bay  
  46  5:24  SCV x2  
  48  5:31  Supply Depot  
  48  5:32  Marine x2  
  50  5:39  Orbital Command  
  50  5:41  SCV  
  51  5:53  Barracks  
  51  5:56  Barracks Tech Lab  
  52  6:04  Reaper x2  
  52  6:08  SCV x2  
  55  6:21  Refinery  
  55  6:23  Marauder  
  58  6:25  SCV x2  
  59  6:35  Supply Depot  
  59  6:41  SCV  
  59  6:42  SCV  
  59  6:46  Barracks Tech Lab  
  61  6:47  Marine  
  62  6:57  Marauder, Marine  
  62  6:58  SCV x2  
  67  7:10  SCV x2  
  67  7:12  Marine  
  70  7:19  Supply Depot  
  70  7:41  Marauder, Marine x2  
  74  7:47  Supply Depot  
  74  7:55  Marine  
  75  8:11  Marine  
  76  8:13  Marauder x2  
  76  8:18  SCV x2  
  82  8:25  Supply Depot  
  82  8:29  Marine  
  82  8:30  Marine  
  84  8:35  Marauder x2  
  88  8:48  SCV x2  
Show
View Real Time Build Order
Export as new Build Order

A.I. 1 (Very Easy) Terran 

Build Orders:  

Get SALT Encoding   

  12  0:00  SCV  
  13  0:13  SCV  
  14  0:20  Supply Depot  
  14  0:36  Refinery  
  14  0:44  Barracks  
  14  1:06  Supply Depot  
  14  1:13  Refinery  
  14  1:30  Marine  
  14  1:31  Orbital Command  
  15  1:57  SCV  
  16  2:03  Marine  
  17  2:09  SCV  
  18  2:21  SCV  
  19  2:33  SCV  
  19  2:36  Marine  
  21  2:45  SCV  
  22  2:57  SCV  
  23  5:50  SCV  
  23  5:51  Marine  
  23  5:52  Supply Depot  
  23  5:54  Factory  
  25  5:58  Command Center  
  25  6:13  SCV  
  25  6:16  Supply Depot  
  26  6:23  Barracks Tech Lab  
  26  6:25  SCV  
  24  6:38  SCV  
  24  6:39  Starport  
  25  6:42  Marauder  
  27  6:50  SCV  
  28  7:11  SCV  
  28  7:14  Marine  
  30  7:18  SCV  
  30  7:19  Refinery, Starport Tech Lab  
  31  7:23  Refinery  
  31  7:26  SCV  
  32  7:33  SCV  
  33  7:37  Raven  
  33  7:40  SCV  
  36  7:46  Marine  
  36  7:47  SCV  
  37  7:54  SCV  
  35  8:01  SCV  
  35  8:09  SCV  
  22  8:20  Viking  
  22  8:23  SCV  
  23  8:35  SCV  
  24  8:44  Hellion  
  24  8:47  SCV  
  26  8:53  Supply Depot  
  28  8:59  SCV  
  14  9:11  SCV  
Tags
 
Add a new tag
Caveats
  • Supply blocks, unpowered buildings, or Contaminate may cause inaccurate times.
  • Supply counts are checked every 10 seconds.